 Dungeon Crawl Stone Soup version 0.31-a0-1388-g4b2ba238e7 (webtiles) character file.

Game seed: 14392116482069331791

88 MisterAzrael the Chopper (level 4, -2/39 HPs)
             Began as a Hill Orc Fighter on Dec 24, 2023.
             Slain by an orc
             ... wielding a +0 flail
              (7 damage)
             ... on level 2 of the Dungeon.
             The game lasted 00:02:18 (1170 turns).

MisterAzrael the Chopper (Hill Orc Fighter)         Turns: 1170, Time: 00:02:19

Health: -2/39      AC:  6    Str: 20    XL:     4   Next: 54%
Magic:  4/4        EV:  9    Int:  8    God:
Gold:   84         SH:  4    Dex: 10    Spells: 3/3 levels left

rFire   . . .        a - +0 war axe
rCold   . . .        c - +0 buckler
rNeg    . . .        b - +0 scale mail
rPois   .            (no helmet)
rElec   .            (no cloak)
rCorr   .            (no gloves)
SInv    .            (no boots)
Will    .....        (no amulet) Stlth
                     (no ring)
HPRegen 0.26/turn    (no ring)
MPRegen 0.09/turn

%: no passive effects
@: very slow
A: no striking features
a: no special abilities


You were on level 2 of the Dungeon.
You visited 1 branch of the dungeon, and saw 2 of its levels.

You collected 84 gold pieces.

Inventory:

Hand Weapons
 a - a +0 war axe (weapon)
Missiles
 g - 2 javelins
 l - 5 poisoned darts
Armour
 b - a +0 scale mail (worn)
 c - a +0 buckler (worn)
Scrolls
 e - 4 scrolls of teleportation {unknown}
 f - 3 scrolls of enchant weapon {unknown}
 k - a scroll of poison {unknown}
 m - a scroll of identify {unknown}
Potions
 d - a potion of might
 h - 2 potions of attraction {unknown}
 i - 3 potions of magic {unknown}
 j - a potion of haste {unknown}


   Skills:
 - Level 3.6 Fighting
 * Level 6.1 Axes
 - Level 3.2 Armour
 - Level 3.2 Shields


You had 3 spell levels left.
You didn't know any spells.
Your spell library was empty.

Dungeon Overview and Level Annotations

Branches:
Dungeon (2/15)

Altars:


Message History

The orc wizard hits you with a +0 dagger.
The orc wizard completely misses you.
The orc wizard hits you but does no damage.
You closely miss the orc wizard. You hit the orc wizard.
The orc wizard mumbles some strange words.
The orc wizard flickers and vanishes!
Deactivating autopickup; reactivate with Ctrl-A.
The orc wizard casts a spell at you. The puff of flame hits you!
You hear a shout!
You closely miss the orc wizard.
The orc wizard is lightly wounded.
You miss something. You hit the orc. The orc wizard casts a spell at you.
The puff of flame hits you! Something hits you but does no damage.
An orc comes into view. It is wielding a +0 hand axe.
The orc hits you with a +0 flail.
* * * LOW HITPOINT WARNING * * *
You are too injured to fight recklessly!
You are too injured to fight recklessly!
You are too injured to fight recklessly!
You slash the orc wizard!
The orc wizard is almost dead.
You barely miss the orc. You miss something.
The orc wizard casts a spell at you. You resist with some effort.
Something hits you.
* * * LOW HITPOINT WARNING * * *
You block the orc's attack.
You hit the orc wizard.
You kill the orc wizard!
You closely miss the orc. You barely miss something.
Something hits you but does no damage.
The orc splashes around in the water.
Your Axes skill increases to level 6!
The orc splashes around in the water.
Things that are here:
a +0 dagger; a +0 robe You enter the shallow water.
Moving in this stuff is going to be slow.
The orc hits you with a +0 flail!
You die...

### ## #.. .. #.. ##.##
... ######
#...##...##.... #.....
#...#..~..#.... #.....
#.....@≈~...... #.....
#####o)o.?#^... #.....
##### ##.[.##.... #.....
########...# ##.##.....
#....[
...........######....?...
#....)
................†....#..#
#.....
.....................#
#.....
.....................#
..#####
.....................# .


You could see 2 orcs.

Vanquished Creatures
  An orc wizard (D:2)
  2 adders (D:2)
  2 dart slugs
  3 endoplasms (D:1)
  4 goblins
  6 hobgoblins
  6 jackals (D:2)
  2 ball pythons (D:1)
  5 bats
  4 frilled lizards
  A kobold (D:1)
  5 rats
41 creatures vanquished.

Notes
Turn   | Place    | Note
-------+----------+-------------------------------------------
     0 | D:1      | MisterAzrael the Hill Orc Fighter began the quest for the
                  | Orb.
     0 | D:1      | Reached XP level 1. HP: 19/19 MP: 1/1
    66 | D:1      | Reached skill level 3 in Axes
   148 | D:1      | Reached XP level 2. HP: 26/26 MP: 2/2
   311 | D:1      | Reached skill level 4 in Axes
   689 | D:1      | Reached XP level 3. HP: 31/31 MP: 3/3
   893 | D:2      | Reached skill level 5 in Axes
  1054 | D:2      | Reached XP level 4. HP: 31/39 MP: 4/4
  1169 | D:2      | Reached skill level 6 in Axes
  1170 | D:2      | Slain by an orc

Illustrated notes

Levels and vault maps discovered:
D:1:      spicycebolla_green_bress_n_ham_2, layout_basic, minmay_hedge_maze
D:2:      cheibrodos_fertilizer, layout_basic, serial_aquarium,
          aquarium_bridge_straight [aquarium_subvault_bridge,
          aquarium_subvault_window, aquarium_subvault_bridge,
          aquarium_subvault_window], aquarium_window_corridor_1,
          aquarium_window_1, aquarium_view_2c, aquarium_pool_corner,
          hangedman_abyss_or_decor_lesser_grid, amcnicky_mini_pool_small

Skill      XL: |  1  2  3  4 |
---------------+-------------+-----
Axes           | 3 4 5 6 |  6.1
Fighting       | |  3.6
Armour         | |  3.2
Shields        | |  3.2

Action                     |  1- 3 |  4- 6 || total
---------------------------+-------+-------++-------
  Melee: War axe           |   102 |    19 ||   121
 Armour: Scale mail        |    58 |    26 ||    84
  Dodge: Dodged            |    49 |     6 ||    55
  Block: Buckler           |    26 |     2 ||    28

Table legend: (Time is in decaauts)
 A = Elapsed time spent in this place.
 B = Non-inter-level travel time spent in this place.
 C = Inter-level travel time spent in this place.
 D = Time resting spent in this place.
 E = Time spent auto-exploring this place.
 F = Levels seen in this place.
 G = Mean time per level.
                   A        B        C        D        E       F      G
               +--------+--------+--------+--------+--------+-----+--------+
         Total |   1210 |   1169 |     41 |      0 |    894 |   2 |  605.0 |
       Dungeon |   1210 |   1169 |     41 |      0 |    894 |   2 |  605.0 |
               +--------+--------+--------+--------+--------+-----+--------+

Top non-repeatable levels by time:
     D:1: 881 daAuts
     D:2: 328 daAuts
